 Dungeon Crawl Stone Soup version 0.15.2 (webtiles) character file.

33 Miyamura the Insei (level 3, -5/29 HPs)
             Began as a Draconian Transmuter on Dec 14, 2014.
             Slain by Crazy Yiuf
             ... wielding a +3 quarterstaff of chaos
              (19 damage)
             ... on Level 2 of the Dungeon.
             The game lasted 00:03:47 (2025 turns).

Miyamura the Insei (Draconian Transmuter)           Turns: 2025, Time: 00:03:50

HP  -5/29        AC  5     Str 12      XL: 3   Next: 12%
MP   6/6         EV 12     Int 13      God:
Gold 63          SH  0     Dex 12      Spells:  1 memorised,  5 levels left

rFire  . . .     SeeInvis .       - Unarmed
rCold  . . .     Clarity  +     (armour unavailable)
rNeg   . . .     rCorr    .     (no shield)
rPois  .         rRot     .     (helmet restricted)
rElec  .         Spirit   .     (no cloak)
SustAb .         Warding  .     (no gloves)
rMut   .         Stasis   .     (no boots)
Gourm  .                        c - amulet of clarity
MR     .....                    (no ring)
                                (no ring)

@: appendage (expiring), not resistant to hostile enchantments, very unstealthy
A: unfitting armour, horns 2, cold-blooded, AC +5
a: End Transformation


You were on level 2 of the Dungeon.
You were not hungry.
You had grown temporary horns.
You visited 1 branch of the dungeon, and saw 2 of its levels.

You collected 63 gold pieces.

Inventory:

Hand weapons
 m - a +2 dagger of draining
Missiles
 b - 12 arrows
Comestibles
 a - a slice of pizza
 i - 3 fruits
Scrolls
 h - a scroll of teleportation {unknown}
 j - a scroll of remove curse {unknown}
 k - a scroll of enchant armour {unknown}
 n - a scroll of recharging {unknown}
 p - a scroll of random uselessness {unknown}
Jewellery
 c - an amulet of clarity (around neck)
 e - an uncursed amulet of resist mutation
 o - an uncursed amulet of faith
Potions
 g - a potion of haste {unknown}
 l - a potion of flight {unknown}
 q - a potion of curing {unknown}
Books
 d - a book of Changes

   Spells                             Type                      Level
   *Beastly Appendage                 Transmutation                1
   Sticks to Snakes                   Transmutation                2
   Spider Form                        Transmutation/Poison         3
   Ice Form                           Ice/Transmutation            4
   Blade Hands                        Transmutation                5


   Skills:
 + Level 1.7 Fighting
 + Level 2.1 Dodging
 + Level 3.4 Unarmed Combat
 + Level 2.1 Spellcasting
 + Level 2.4 Transmutations


You had 5 spell levels left.
You knew the following spells:

 Your Spells              Type           Power        Failure   Level  Hunger
a - Beastly Appendage     Trmt           #.....       12%         1    ##.....


Dungeon Overview and Level Annotations

Branches:
Dungeon (2/15)

Altars:

Annotations:
D:2 Crazy Yiuf


Innate Abilities, Weirdness & Mutations

Your plain brown scales are hard (AC +5).
Your body does not fit into most forms of armour.
Your cold-blooded metabolism reacts poorly to cold.
You have a pair of horns on your head.


Message History

Crazy Yiuf closely misses you.
You hit Crazy Yiuf.
Crazy Yiuf is moderately wounded.
You hit Crazy Yiuf but do no damage.
Your tail-slap misses Crazy Yiuf.
Crazy Yiuf is moderately wounded.
Crazy Yiuf closely misses you.
You completely miss Crazy Yiuf. You tail-slap Crazy Yiuf.
Crazy Yiuf is heavily wounded.
Crazy Yiuf sings, "Trees, trees, trees, circus!"
Crazy Yiuf closely misses you.
You barely miss Crazy Yiuf. You punch Crazy Yiuf.
Crazy Yiuf is severely wounded.
Crazy Yiuf barely misses you.
You completely miss Crazy Yiuf.
Crazy Yiuf is severely wounded.
Crazy Yiuf twirls on the spot.
Crazy Yiuf hits you with a quarterstaff of chaos.
You are electrocuted!
Ouch! That really hurt!
You die...

#.#
##.###..#..####.#
#.# ......(....#
#.# #.#>#####..##
#(# #..# #....#
#.# # # #..P.#
#). #..P## ###
##.## #.## ##@#
#g# # # ##. .###.
.# ..#. .. ##..#
..# ...# ..# #..#
### ##..# ##
#...#


You could see Crazy Yiuf.

Vanquished Creatures
  An ooze (D:2)
  3 goblins
  3 hobgoblins (D:2)
  4 jackals (D:1)
  2 bats
  2 giant geckos
  4 giant newts
  6 kobolds
  A quokka (D:2)
  6 rats
32 creatures vanquished.

Notes
Turn   | Place    | Note
--------------------------------------------------------------
     0 | D:1      | Miyamura, the Draconian Transmuter, began the quest for the Orb.
     0 | D:1      | Reached XP level 1. HP: 16/16 MP: 3/3
   685 | D:1      | Reached XP level 2. HP: 23/23 MP: 4/4
  1787 | D:2      | Reached XP level 3. HP: 25/29 MP: 6/6
  2009 | D:2      | Noticed Crazy Yiuf
  2025 | D:2      | Slain by Crazy Yiuf

Action                   || total
-------------------------++-------
Melee: Unarmed           ||   125
       Dagger            ||     4
 Cast: Beastly Appendage ||    13
  Use: Scroll            ||     3
  Eat: Chunk             ||     1
       Bread ration      ||     1
